 Dungeon Sprint DCSS version 0.20.1-1-g8b1a95d (webtiles) character file.

1735 Fang the Cleaver (level 9, -1/65 HPs)
             Began as a Gargoyle Berserker on Dec 6, 2018.
             Was a High Priest of Trog.
             Slain by a white ugly thing (16 damage)
             ... in the Dungeon (Sprint IX: "|||||||||||||||||||||||||||||").
             The game lasted 00:01:06 (572 turns).

Fang the Cleaver (Gargoyle Berserker)                Turns: 572, Time: 00:01:06

Health: -1/65      AC: 17    Str: 23    XL:     9   Next: 5%
Magic:  9/9        EV: 13    Int:  9    God:    Trog [*****.]
Gold:   0          SH:  0    Dex: 12    Spells: 8/8 levels left

rFire    . . .     SeeInvis .   m - +3 war axe (elec)
rCold    . . .     Gourm    .   (no shield)
rNeg     + . .     Faith    .   p - +1 chain mail
rPois    ∞         Spirit   .   (no helmet)
rElec    +         Reflect  .   (no cloak)
rCorr    .         Harm     .   (no gloves)
MR       .....     NoTele   +   (no boots)
Stlth    ..........             (no amulet)
Regen    0.2/turn               n - +2 ring of evasion
MPRegen  0.2/turn               o - +3 ring of dexterity

@: berserk cooldown, slowed, very slow
A: negative energy resistance 1, electricity resistance, unbreathing,
petrification resistance, rot immunity, AC +5
a: Berserk, Trog's Hand, Brothers in Arms, Burn Spellbooks, Renounce Religion


You were in the Dungeon.
You worshipped Trog.
Trog was extremely pleased with you.
You were very hungry.

You visited 1 branch

Inventory:

Hand Weapons
 m - a +3 war axe of electrocution (weapon)
Armour
 p - a +1 chain mail (worn)
Jewellery
 n - a +2 ring of evasion (left hand)
 o - a +3 ring of dexterity (right hand)
Wands
 l - a wand of iceblast (7/15)
Scrolls
 i - 2 scrolls of blinking
 k - 3 scrolls of remove curse
Potions
 d - 5 potions of curing
 e - 3 potions of heal wounds
 f - a potion of haste
 g - 4 potions of magic
 h - a potion of berserk rage
 j - a potion of invisibility
Comestibles
 a - a chunk of flesh
 c - a bread ration


   Skills:
 + Level 12.0 Fighting
 + Level 12.3 Axes
 + Level 6.6 Armour
 + Level 7.0 Dodging


You had 8 spell levels left.
You didn't know any spells.

Dungeon Overview and Level Annotations

Branches:
Dungeon (1/1)

Altars:
Cheibriados
Dithmenos
Elyvilon
Fedhas
Gozag
Hepliaklqana
Kikubaaqudgha
Makhleb
Nemelex Xobeh
Okawaru
Qazlal
Ru
Sif Muna
Trog
Uskayaw
Vehumet
Xom
Yredelemnul
Zin
The Shining One
Beogh
Jiyva
Lugonu


Innate Abilities, Weirdness & Mutations

You are resistant to torment.
Your stone body is resilient. (AC +5)
You are immune to poison.
You resist negative energy. (rN+)
You are resistant to electric shocks. (rElec)
You can survive without breathing.
You are immune to petrification.
You are immune to rotting.


Message History

You feel stronger. The white ugly thing misses you. x2
You see here an ugly thing corpse.
You hit the white ugly thing but do no damage.
The white ugly thing completely misses you.
You hit the white ugly thing.
The white ugly thing is lightly wounded.
The white ugly thing misses you.
The white ugly thing tail-slaps you but does no damage.
You slash the white ugly thing!
The white ugly thing is lightly wounded.
The white ugly thing tail-slaps you. The white ugly thing freezes you!!
Ouch! That really hurt!
* * * LOW HITPOINT WARNING * * *
You slash the white ugly thing!
The white ugly thing is moderately wounded.
The white ugly thing tail-slaps you.
* * * LOW HITPOINT WARNING * * *
The white ugly thing freezes you!
You die...

▓+▓
▓H▓
▓{▓
▓K▓
▓u▓
▓@▓
▓.▓
▓'▓
▓.▓
▓.▓
▓.▓
▓.▓
▓.▓
▓)▓


You could see a white ugly thing, a hippogriff and a big kobold.

Vanquished Creatures
  A two-headed ogre (D)
  An unseen horror (D)
  An ugly thing (D)
  An ogre (D)
  A crimson imp (D)
  A jelly (D)
  A gnoll (D)
  An adder (D)
  An adder zombie (D)
  A leopard gecko (D)
  A bat zombie (D)
  A hobgoblin (D)
  A quokka (D)
  2 bats (D)
  A jackal zombie (D)
  A kobold (D)
  A rat (D)
18 creatures vanquished.

Vanquished Creatures (others)
  A spatial maelstrom (D)
1 creature vanquished.

Grand Total: 19 creatures vanquished

Notes
Turn   | Place    | Note
-------+----------+-------------------------------------------
     0 | D        | Fang the Gargoyle Berserker began the quest for the Orb.
     0 | D        | Reached XP level 1. HP: 14/14 MP: 1/1
     7 | D        | Banished a spatial maelstrom
    15 | D        | Reached ** piety under Trog
    88 | D        | Noticed an ogre
    88 | D        | Noticed a crimson imp
    97 | D        | Reached *** piety under Trog
    97 | D        | Reached XP level 2. HP: 20/20 MP: 2/2
   101 | D        | Killed an ogre
   101 | D        | Reached XP level 3. HP: 13/28 MP: 3/3
   101 | D        | Reached XP level 4. HP: 15/32 MP: 4/4
   114 | D        | Reached XP level 5. HP: 13/38 MP: 5/5
   315 | D        | Found a roughly hewn altar of Beogh.
   315 | D        | Found a snail-covered altar of Cheibriados.
   315 | D        | Found a shadowy altar of Dithmenos.
   315 | D        | Found a white marble altar of Elyvilon.
   315 | D        | Found a blossoming altar of Fedhas.
   315 | D        | Found an opulent altar of Gozag.
   316 | D        | Found a hazy altar of Hepliaklqana.
   317 | D        | Found a viscous altar of Jiyva.
   318 | D        | Found an ancient bone altar of Kikubaaqudgha.
   319 | D        | Found a corrupted altar of Lugonu.
   320 | D        | Found a burning altar of Makhleb.
   321 | D        | Found a sparkling altar of Nemelex Xobeh.
   322 | D        | Found an iron altar of Okawaru.
   323 | D        | Found a stormy altar of Qazlal.
   324 | D        | Found a sacrificial altar of Ru.
   325 | D        | Found a deep blue altar of Sif Muna.
   326 | D        | Found a bloodstained altar of Trog.
   327 | D        | Found a hide-covered altar of Uskayaw.
   328 | D        | Found a radiant altar of Vehumet.
   330 | D        | Found a shimmering altar of Xom.
   331 | D        | Found a basalt altar of Yredelemnul.
   332 | D        | Found a glowing silver altar of Zin.
   333 | D        | Found a glowing golden altar of the Shining One.
   380 | D        | Noticed a two-headed ogre
   384 | D        | Reached **** piety under Trog
   392 | D        | Killed a two-headed ogre
   392 | D        | Reached skill level 10 in Fighting
   392 | D        | Reached skill level 10 in Axes
   392 | D        | Reached skill level 5 in Armour
   392 | D        | Reached skill level 5 in Dodging
   392 | D        | Reached XP level 6. HP: 32/48 MP: 6/6
   392 | D        | Reached XP level 7. HP: 35/53 MP: 7/7
   396 | D        | Reached ***** piety under Trog
   550 | D        | Noticed a hippogriff
   550 | D        | Noticed a cyan ugly thing
   550 | D        | Noticed a brown ugly thing
   557 | D        | Killed an unseen horror
   557 | D        | Reached XP level 8. HP: 60/60 MP: 8/8
   567 | D        | Killed a white ugly thing
   567 | D        | Reached XP level 9. HP: 54/65 MP: 9/9
   572 | D        | Slain by a white ugly thing

Skill      XL: |  1  2  3  4  5  6  7  8 |
---------------+-------------------------+-----
Fighting       | 4 6 7 10 11 12 | 12.0
Axes           | 3 6 10 11 12 | 12.3
Dodging        | 2 3 5 6 7 |  7.0
Armour         | 3 5 6 |  6.6

Action                   |  1- 3 |  4- 6 |  7- 9 || total
-------------------------+-------+-------+-------++-------
Melee: Hand axe          |    33 |    10 |       ||    43
       War axe           |       |    10 |    21 ||    31
Invok: Berserk           |     1 |     1 |     1 ||     3
  Eat: Chunk             |       |       |     1 ||     1
Armor: Animal skin       |     7 |    10 |       ||    17
       Chain mail        |       |     3 |    12 ||    15
Dodge: Dodged            |    21 |    14 |     7 ||    42
